 Dungeon Crawl Stone Soup version 0.29-a0-577-gafbf2c5d25 (webtiles) character file.

Game seed: 14741196542087340475

7829 HoaS the Bludgeoner (level 11, -9/99 HPs)
             Began as a Meteoran Fighter on June 13, 2022.
             Was a Believer of Makhleb.
             Mangled by a cyclops (19 damage)
             ... on level 11 of the Dungeon.
             The game lasted 00:21:06 (6192 turns).

HoaS the Bludgeoner (Meteoran Fighter)              Turns: 6192, Time: 00:21:07

Health: -9/99      AC: 18    Str: 21    XL:     11   Next: 72%
Magic:  12/12      EV:  7    Int: 11    God:    Makhleb [**....]
Gold:   529        SH:  7    Dex: 20    Spells: 10/10 levels left

rFire   . . .      SeeInvis .   m - +2 morningstar (protect)
rCold   . . .      Faith    .   c - +0 buckler
rNeg    . . .      Spirit   .   s - +2 chain mail {Will+}
rPois   .          Reflect  .   i - +2 helmet
rElec   .          Harm     .   (no cloak)
rCorr   .          Rampage  .   (no gloves)
Will    ++...                   q - +1 pair of boots
Stlth   ..........              (no amulet)
HPRegen 0.26/turn               z - +6 ring of dexterity
MPRegen 0.13/turn               (no ring)

@: glowing
A: sense surroundings 2, otherworldly, glowing, explore regen
a: Renounce Religion, Minor Destruction


You were on level 11 of the Dungeon.
You worshipped Makhleb.
Makhleb was pleased with you.
You visited 1 branch of the dungeon, and saw 11 of its levels.
You also visited: Sewer.

You collected 529 gold pieces.

Inventory:

Hand Weapons
 m - a +2 morningstar of protection (weapon)
Armour
 c - a +0 buckler (worn)
 i - a +2 helmet (worn)
 j - a +0 plate armour
 q - a +1 pair of boots (worn)
 s - a +2 chain mail of willpower (worn)
Jewellery
 z - a +6 ring of dexterity (left hand)
Wands
 b - a wand of flame (6) (quivered)
 v - a wand of paralysis (12)
 y - a wand of acid (10)
Scrolls
 g - a scroll of summoning
 o - a scroll of enchant weapon
 p - a scroll of teleportation
 r - a scroll of fear
 u - 2 scrolls of magic mapping
 A - a scroll of identify
Potions
 a - 3 potions of lignification
 d - 3 potions of might
 e - 3 potions of flight
 f - a potion of heal wounds
 h - 4 potions of haste
 k - a potion of ambrosia
 l - 6 potions of curing
 n - 4 potions of cancellation
 t - a potion of degeneration {unknown}
 w - a potion of attraction {unknown}
 x - a potion of mutation {unknown}


   Skills:
 * Level 9.7 Fighting
 - Level 16.0 Maces & Flails
 + Level 7.9 Armour
 + Level 7.9 Shields


You had 10 spell levels left.
You didn't know any spells.
Your spell library contained the following spells:

 Spells                   Type           Power      Damage    Failure   Level
 Apportation              Tloc           0%         N/A       97%         1
 Freeze                   Ice            0%         1d3       97%         1
 Magic Dart               Conj           0%         1d3       97%         1
 Call Imp                 Summ           0%         N/A       99%         2
 Static Discharge         Conj/Air       0%         N/A       99%         2
 Frozen Ramparts          Ice            0%         1d2       100%        3
 Mephitic Cloud           Conj/Pois/Air  0%         N/A       100%        3
 Stone Arrow              Conj/Erth      0%         3d7       100%        3
 Animate Armour           Summ/Erth      0%         N/A       100%        4
 Hailstorm                Conj/Ice       0%         3d3       100%        4
 Alistair's Intoxication  Tmut/Pois      0%         N/A       100%        5
 Lightning Bolt           Conj/Air       0%         1d11      100%        5
 Lehudib's Crystal Spear  Conj/Erth      0%         10d2      100%        8
 Maxwell's Capacitive Co  Air            0%         ∞         100%        8


Dungeon Overview and Level Annotations

Branches:
Dungeon (11/15)            Temple (0/1) D:7             Orc (0/2) D:10
  Sewer (visited)
   Lair: D:8-11

Altars:
Ashenzari
Elyvilon
Makhleb
Okawaru
Ru
Uskayaw

Shops:
D:1 ([*[   D:7 :


Innate Abilities, Weirdness & Mutations

You passively map the area around you.
You are easily found by Zot.
You glow in the dark.
You regain HP and MP as you explore.


Message History

Found a pair of gloves.
You see here a +0 pair of gloves.
You open the door.
Found an escape hatch in the ceiling.
There is an open door here.
You open the door.
There is an open door here.
Found a stone staircase leading up.
You now have 529 gold pieces (gained 11).
You open the door.
There is an open door here.
A cyclops comes into view.
The cyclops shouts!
The cyclops hits you!!
You impale the cyclops!!
Your weapon exudes an aura of protection.
The cyclops is moderately wounded.
The cyclops hits you.
You puncture the cyclops!
The cyclops is heavily wounded.
The cyclops hits you! You block the cyclops's attack.
The cyclops hits you but does no damage.
The cyclops barely misses you.
The cyclops hits you but does no damage.
You block the cyclops's attack. The cyclops hits you!! The cyclops hits you!
The cyclops hits you but does no damage.
The cyclops hits you!!
* * * LOW HITPOINT WARNING * * *
You block the cyclops's attack. The cyclops barely misses you.
You block the cyclops's attack. The cyclops hits you.
* * * LOW HITPOINT WARNING * * *
The cyclops hits you but does no damage.
You block the cyclops's attack. The cyclops hits you!!
You die...

#####'### * , * #..#
* * * ##.## * #..#
##+# * * *
####.####### #.. * ,
#..........# #.#####
*, ,
#..........###.#...
, , +
............#.'.#C#,
+
##....<.......#.@.#
** ,
*#..........#####+#
* * ######.##### *
*...# #+### ** +**
** , ,,, * ** , , *
** * + ,, , * , , **
* , * * ,, , * , * *


You could see a cyclops.

Vanquished Creatures
  A two-headed ogre (D:10)
  3 trolls
  Grinder (D:3)
  A shadow (D:10)
  Sigmund (D:3)
  2 wyverns (D:9)
  A wraith (D:9)
  A vampire (D:10)
  11 yaks (D:10)
  2 water moccasins
  5 orc warriors
  An ice beast (D:5)
  A sky beast (D:7)
  4 ogres
  3 centaurs
  A phantom (D:5)
  2 bullfrogs (D:7)
  4 kobold brigands
  A necrophage (D:5)
  4 gnoll sergeants
  3 scorpions
  5 killer bees (D:9)
  An electric eel (D:10)
  4 howler monkeys
  8 orc priests
  A jelly (D:5)
  3 hounds
  Natasha (thrice) (D:4)
  5 iguanas
  9 orc wizards
  10 gnolls
  9 adders
  A river rat (D:6)
  A shadow imp (D:5)
  2 white imps
  A worm (D:4)
  4 dart slugs (D:6)
  36 orcs
  7 ball pythons
  2 bats
  6 endoplasms
  3 giant cockroaches
  8 goblins
  3 hobgoblins
  5 jackals
  11 kobolds
  5 quokkas
  5 frilled lizards
  10 rats
221 creatures vanquished.

Vanquished Creatures (others)
  An adder (D:6)
  21 plants
22 creatures vanquished.

Grand Total: 243 creatures vanquished

Notes
Turn   | Place    | Note
-------+----------+-------------------------------------------
     0 | D:1      | HoaS the Meteoran Fighter began the quest for the Orb.
     0 | D:1      | Reached XP level 1. HP: 19/19 MP: 2/2
    41 | D:1      | Found Pukki's Armour Boutique.
    78 | D:1      | Reached skill level 3 in Maces & Flails
    97 | D:1      | Reached XP level 2. HP: 25/26 MP: 3/3
   114 | D:1      | Found Gianeab's Assorted Antiques.
   167 | D:1      | Reached skill level 4 in Maces & Flails
   322 | D:1      | Reached XP level 3. HP: 31/31 MP: 4/4
   362 | D:1      | Found Won Lem's Antique Weapon Shoppe.
   431 | D:1      | Found Tuotut's Antique Armour Boutique.
   486 | D:1      | Glimpsed the power of Zot.
   545 | D:2      | Reached skill level 5 in Maces & Flails
   733 | D:2      | Reached XP level 4. HP: 38/38 MP: 5/5
  1042 | D:3      | Found a broken altar of Ashenzari.
  1051 | D:3      | Noticed Grinder
  1052 | D:3      | Paralysed by Grinder for 5 turns
  1072 | D:3      | Paralysed by Grinder for 3 turns
  1077 | D:3      | Killed Grinder
  1078 | D:3      | Reached skill level 8 in Maces & Flails
  1078 | D:3      | Reached XP level 5. HP: 25/45 MP: 6/6
  1078 | D:3      | Reached XP level 6. HP: 28/51 MP: 7/7
  1358 | D:3      | Reached XP level 7. HP: 53/57 MP: 8/8
  1575 | D:3      | Noticed Sigmund
  1586 | D:3      | Killed Sigmund
  1587 | D:3      | Reached skill level 9 in Maces & Flails
  1679 | D:3      | Glimpsed the power of Zot.
  1719 | D:3      | Reached skill level 10 in Maces & Flails
  1845 | D:4      | Found a hide-covered altar of Uskayaw.
  1909 | D:4      | Noticed Natasha
  1914 | D:4      | Killed Natasha
  1915 | D:4      | Reached XP level 8. HP: 56/63 MP: 9/9
  1987 | D:4      | Noticed Natasha
  1999 | D:4      | Killed Natasha
  2055 | D:4      | Reached skill level 11 in Maces & Flails
  2057 | D:4      | Noticed Natasha
  2070 | D:4      | Killed Natasha
  2274 | D:4      | Glimpsed the power of Zot.
  2316 | D:5      | Entered Level 5 of the Dungeon
  2346 | D:5      | Reached skill level 12 in Maces & Flails
  2513 | D:5      | Reached skill level 13 in Maces & Flails
  2513 | D:5      | Gained mutation: You passively map the area around you.
                  | [Meteoran growth]
  2513 | D:5      | Reached XP level 9. HP: 70/70 MP: 10/10
  2800 | D:5      | Found a white marble altar of Elyvilon.
  2884 | D:5      | Glimpsed the power of Zot.
  3116 | D:6      | Reached skill level 14 in Maces & Flails
  3376 | D:6      | Found a glowing drain.
  3408 | Sewer    | Entered a sewer
  3482 | Sewer    | Reached skill level 15 in Maces & Flails
  3619 | D:6      | Glimpsed the power of Zot.
  3832 | D:7      | Found a burning altar of Makhleb.
  3838 | D:7      | Became a worshipper of Makhleb the Destroyer
  3852 | D:7      | Found a staircase to the Ecumenical Temple.
  3854 | D:7      | Found Okhluv's Book Emporium.
  3872 | D:7      | Reached XP level 10. HP: 77/77 MP: 11/11
  4360 | D:8      | Reached skill level 16 in Maces & Flails
  4845 | D:8      | Glimpsed the power of Zot.
  4987 | D:9      | Reached * piety under Makhleb
  4989 | D:9      | Reached skill level 5 in Fighting
  5118 | D:9      | Reached skill level 5 in Armour
  5118 | D:9      | Reached skill level 5 in Shields
  5379 | D:9      | Found a sacrificial altar of Ru.
  5457 | D:9      | Glimpsed the power of Zot.
  5492 | D:10     | Entered Level 10 of the Dungeon
  5563 | D:10     | Found a staircase to the Orcish Mines.
  5622 | D:10     | Reached XP level 11. HP: 38/92 MP: 12/12
  5637 | D:10     | Reached ** piety under Makhleb
  5990 | D:10     | Found an iron altar of Okawaru.
  6014 | D:10     | Noticed a two-headed ogre
  6020 | D:10     | Killed a two-headed ogre
  6095 | D:10     | Glimpsed the power of Zot.
  6165 | D:11     | Noticed a cyclops
  6192 | D:11     | Mangled by a cyclops

Illustrated notes

Levels and vault maps discovered:
D:1:      minmay_arrival_five_plusses, layout_loops_cross, serial_shops,
          nicolae_shop_overgrown_old_shop, shop_statue,
          nicolae_shop_temple_entry_statues_fountains, nicolae_diamond_shop,
          shapermc_ecumenical_altar_mp_vishouse
D:2:      layout_rooms
D:3:      layout_loops_corners, cheibrodos_ashenzari_chains, uniq_grinder,
          uniq_sigmund
D:4:      black_bear_nest_2, layout_loops_cross,
          nicolae_uskayaw_murder_on_the_dancefloor,
          chequers_serial_rivers_large_a, uniq_natasha
D:5:      minmay_general_purpose_star, layout_rooms,
          pdpol_temple_overflow_zin_treasury_gozag_greed, elyvilon_altar_3
D:6:      kennysheep_slugbush, layout_gridville, minitemple,
          portal_sewer_entry_b, minmay_diced_spiral
D:7:      layout_cave_pools, lemuel_round_altar,
          minmay_temple_entry_butterflies, serial_shops, shop
D:8:      layout_gridville
D:9:      layout_irregular_city, lemuel_doored_altar
D:10:     layout_stronghold, lemuel_crystal_altar,
          kennysheep_orc_monster_closet_entryway, lightli_minifort
D:11:     layout_roguey [special_room_orc], david_lair_shrubbed, uniq_erica

Skill      XL: |  1  2  3  4  5  6  7  8  9 10 11 |
---------------+----------------------------------+-----
Maces & Flails | 3 4 5 8 10 13 15 16 | 16.0
Fighting       | 7 9 |  9.7
Armour         | 6 7 |  7.9
Shields        | 6 7 |  7.9

Action                   |  1- 3 |  4- 6 |  7- 9 | 10-12 || total
-------------------------+-------+-------+-------+-------++-------
Melee: Flail             |    60 |    69 |   128 |       ||   257
       Morningstar       |       |       |   206 |   315 ||   521
Evoke: Wand              |       |       |     5 |     5 ||    10
  Use: Scroll            |     6 |     4 |     3 |    11 ||    24
       Potion            |       |     1 |       |     2 ||     3
Armor: Scale mail        |    28 |    22 |       |       ||    50
       Plate armour      |       |    23 |   212 |    49 ||   284
       Chain mail        |       |       |       |   137 ||   137
Dodge: Dodged            |    20 |    19 |    50 |    58 ||   147
Block: Buckler           |    18 |    14 |    55 |    98 ||   185

Table legend: (Time is in decaauts)
 A = Elapsed time spent in this place.
 B = Non-inter-level travel time spent in this place.
 C = Inter-level travel time spent in this place.
 D = Time resting spent in this place.
 E = Time spent auto-exploring this place.
 F = Levels seen in this place.
 G = Mean time per level.
                   A        B        C        D        E       F      G
               +--------+--------+--------+--------+--------+-----+--------+
         Total |   6126 |   5747 |    379 |    289 |   3915 |  12 |  510.5 |
       Dungeon |   5996 |   5617 |    379 |    289 |   3836 |  11 |  545.1 |
         Sewer |    130 |    130 |      0 |      0 |     79 |   1 |  130.0 |
               +--------+--------+--------+--------+--------+-----+--------+

Top non-repeatable levels by time:
     D:3: 894 daAuts
     D:8: 781 daAuts
     D:5: 596 daAuts
     D:6: 582 daAuts
    D:10: 581 daAuts
     D:1: 548 daAuts
     D:9: 536 daAuts
     D:4: 499 daAuts
     D:7: 497 daAuts
     D:2: 398 daAuts
   Sewer: 130 daAuts
    D:11: 80 daAuts
